 Dungeon Crawl Stone Soup version 0.29-a0-819-g94b489e0ae (webtiles) character file.

Game seed: 7559145034601511368

441 Zeld the Chopper (level 6, -5/84 HPs)
             Began as a Minotaur Berserker on July 6, 2022.
             Was a Priest of Trog.
             Slain by an orc priest
             ... wielding a +0 morningstar
              (10 damage)
             ... on level 3 of the Dungeon.
             The game lasted 00:05:35 (6051 turns).

Zeld the Chopper (Minotaur Berserker)               Turns: 6051, Time: 00:05:35

Health: -5/84      AC:  3    Str: 24    XL:     6   Next: 71%
Magic:  5/5        EV: 12    Int:  4    God:    Trog [***...]
Gold:   152        SH:  0    Dex:  9    Spells: 5/5 levels left

rFire   . . .      SeeInvis .   t - +2 short sword (venom)
rCold   . . .      Faith    .   (no shield)
rNeg    . . .      Spirit   .   b - +0 animal skin
rPois   .          Reflect  .   (helmet restricted)
rElec   .          Harm     .   q - +0 cloak
rCorr   .          Rampage  .   (no gloves)
Will    .....                   (no boots)
Stlth   ..........              (no amulet)
HPRegen 0.24/turn               (no ring)
MPRegen 0.09/turn               (no ring)

@: berserking, very quick
A: horns 2, retaliatory headbutt
a: Renounce Religion, Berserk, Trog's Hand


You were on level 3 of the Dungeon.
You worshipped Trog.
Trog was most pleased with you.
You visited 1 branch of the dungeon, and saw 3 of its levels.
You also visited: Sewer.

You collected 191 gold pieces.
You spent 39 gold pieces at shops.

Inventory:

Hand Weapons
 a - a +0 hand axe
 t - a +2 short sword of venom (weapon)
Missiles
 g - a throwing net
Armour
 b - a +0 animal skin (worn)
 q - a +0 cloak (worn)
Jewellery
 x - an amulet of faith
Wands
 p - a wand of flame (14)
 w - a wand of light (6)
Scrolls
 c - 3 scrolls of identify {unknown}
 d - a scroll of teleportation {unknown}
 h - a scroll of enchant armour {unknown}
 i - 2 scrolls of fog {unknown}
 v - a scroll of torment {unknown}
Potions
 e - a potion of ambrosia {unknown}
 f - a potion of might {unknown}
 j - 4 potions of mutation {unknown}
 k - a potion of flight {unknown}
 l - 2 potions of cancellation {unknown}
 m - 4 potions of curing
 n - a potion of berserk rage {unknown}
 o - 2 potions of resistance {unknown}
 r - 3 potions of heal wounds {unknown}
 s - a potion of invisibility {unknown}
 u - a potion of magic {unknown}


   Skills:
 + Level 5.2 Fighting
 * Level 6.4 Axes
 + Level 4.3 Armour
 + Level 4.0 Dodging


You had 5 spell levels left.
You didn't know any spells.
Your spell library was empty.

Dungeon Overview and Level Annotations

Branches:
Dungeon (3/15)              Sewer (visited)

Altars:

Shops:
D:2 !


Innate Abilities, Weirdness & Mutations

You have a pair of horns on your head.
You reflexively headbutt those who attack you in melee.


Message History

You barely miss the orc priest. You headbutt the orc priest.
The orc priest is lightly wounded.
The orc priest hits you with a +1 vorpal flail.
You barely miss the orc priest.
The orc priest shouts!
You headbutt the orc priest!
The orc priest is almost dead.
You hear a shout!
The orc priest hits you with a +1 vorpal flail!
You are too injured to fight recklessly!
You are too injured to fight recklessly!
A red film seems to cover your vision as you go berserk!
You feel yourself moving faster!
You feel mighty!
You puncture the orc priest!
You kill the orc priest!
Trog accepts your kill.
The orc priest hits you with a +0 morningstar!
* * * LOW HITPOINT WARNING * * *
You closely miss the orc priest.
The orc wizard shouts!
You closely miss the orc priest.
The orc priest hits you with a +0 morningstar!
* * * LOW HITPOINT WARNING * * *
You hit the orc priest.
The orc priest is poisoned.
Your headbutt misses the orc priest.
The orc priest is lightly wounded.
The orc wizard gestures wildly while chanting.
The orc wizard flickers and vanishes!
Deactivating autopickup; reactivate with Ctrl-A.
The orc priest misses you.
The orc priest invokes the aid of Beogh against you.
Beogh smites you!
* * * LOW HITPOINT WARNING * * *
You closely miss the orc priest.
The orc priest is lightly wounded.
Unknown command.
You barely miss the orc priest.
The orc priest is lightly wounded.
The orc priest hits you with a +0 morningstar!
You die...

#........... #......#..#
#####.##########......#..#
#...........#<##......##.#
#.....#.###.#.#######.##.##
#.....#.....#.........##..#
#.....####..........####..##
#.......o.{............#...#
###+#.####o)........##.#.#.#
#.# #.@....##### #.#.# #.
#......# #..>. #......#
#.... #......# #....
...!....... #.#..
#################.###
#....†...# #.##########
#...........


You could see 2 orc priests.

Vanquished Creatures
  An orc priest (D:3)
  Jessica (D:2)
  Ijyb (D:3)
  13 river rats
  12 adders
  4 worms
  A dart slug (D:2)
  2 orcs (D:3)
  10 ball pythons
  14 endoplasms
  2 giant cockroaches
  11 goblins
  5 hobgoblins
  7 jackals
  22 kobolds
  A quokka (D:1)
  4 bats
  2 frilled lizards
  22 rats
  A spectral kobold (D:3)
136 creatures vanquished.

Notes
Turn   | Place    | Note
-------+----------+-------------------------------------------
     0 | D:1      | Zeld the Minotaur Berserker began the quest for the Orb.
     0 | D:1      | Reached XP level 1. HP: 19/19 MP: 0/0
   437 | D:1      | Reached XP level 2. HP: 22/27 MP: 1/1
   455 | D:1      | Reached skill level 4 in Axes
   971 | D:1      | Reached XP level 3. HP: 27/33 MP: 2/2
  1841 | D:2      | Reached XP level 4. HP: 40/40 MP: 3/3
  1954 | D:2      | Noticed Jessica
  1959 | D:2      | Killed Jessica
  2009 | D:2      | Found Dagaax's Distillery.
  2015 | D:2      | Bought a potion of curing for 39 gold pieces
  2247 | D:2      | Reached skill level 5 in Axes
  2776 | D:3      | Noticed Ijyb
  2782 | D:3      | Killed Ijyb
  2783 | D:3      | Reached XP level 5. HP: 47/47 MP: 4/4
  2945 | D:3      | Reached ** piety under Trog
  3064 | D:3      | Found a glowing drain.
  3076 | Sewer    | Entered a sewer
  3981 | Sewer    | Reached XP level 6. HP: 49/55 MP: 5/5
  4301 | Sewer    | Reached skill level 6 in Axes
  4302 | Sewer    | Reached skill level 5 in Fighting
  5599 | D:3      | Reached *** piety under Trog
  5848 | D:3      | Found a faded altar of an unknown god.
  6049 | D:3      | HP: 4/84 [orc priest/divine providence (10)]
  6051 | D:3      | Slain by an orc priest

Illustrated notes

Levels and vault maps discovered:
D:1:      tarquinn_simple_flora_water_e, layout_loops_corners,
          minmay_three_crescents
D:2:      layout_basic, serial_shops, nicolae_shop_statue_plus, uniq_jessica
D:3:      cheibrodos_pilgrimage, layout_basic, lightli_sewer_entry_pipes,
          dreamdust_ecumenical_altar_drowned_temple, uniq_ijyb

Skill      XL: |  1  2  3  4  5  6 |
---------------+-------------------+-----
Axes           | 4 5 6 |  6.4
Fighting       | 4 5 |  5.2
Armour         | 3 4 |  4.3
Dodging        | 3 4 |  4.0

Action                   |  1- 3 |  4- 6 || total
-------------------------+-------+-------++-------
Melee: Hand axe          |    72 |   146 ||   218
       Headbutt          |     8 |    31 ||    39
       Punch             |     1 |     1 ||     2
       Short sword       |       |    64 ||    64
Invok: Berserk           |       |     4 ||     4
       Trog's Hand       |       |     1 ||     1
Armor: Animal skin       |    15 |    35 ||    50
Dodge: Dodged            |    63 |   187 ||   250

Table legend: (Time is in decaauts)
 A = Elapsed time spent in this place.
 B = Non-inter-level travel time spent in this place.
 C = Inter-level travel time spent in this place.
 D = Time resting spent in this place.
 E = Time spent auto-exploring this place.
 F = Levels seen in this place.
 G = Mean time per level.
                   A        B        C        D        E       F      G
               +--------+--------+--------+--------+--------+-----+--------+
         Total |   6144 |   6121 |     23 |   1765 |   3389 |   4 | 1536.0 |
       Dungeon |   3719 |   3696 |     23 |    126 |   2868 |   3 | 1239.7 |
         Sewer |   2425 |   2425 |      0 |   1638 |    521 |   1 | 2425.0 |
               +--------+--------+--------+--------+--------+-----+--------+

Top non-repeatable levels by time:
   Sewer: 2425 daAuts
     D:1: 1359 daAuts
     D:2: 1343 daAuts
     D:3: 1016 daAuts
